AoeStats
← Iam_MuRaT

Arabia

510151561Analyzed
1v1 RM · 3d ago on Sep 29, 2026· 63m 32s· 2 players
Game mode
Random Map
Map size
Tiny (2 player)
Population
200
Speed
Normal
Resources
Standard
Victory
Conquest
Starting age
Dark Age
Ending age
Imperial Age
RankedLock teamsTeams togetherTeam positionsShared explorationLock speedFull tech treeHidden civsTurbo modeCheats
Victory
Defeat
🇸🇪 Danes · Sweden
1372
+16
🇹🇷 Franks · Türkiye
1382
-16
TheRealDonaldTrump
7:29 Loom
10:11 Feudal Age
10:37 Double-Bit Axe
10:31 Man-at-Arms
11:42 Town Watch
12:58 Horse Collar
20:59 Castle Age
19:28 Fletching
20:37 Scale Mail Armor
21:02 Forging
21:51 Bow Saw
21:44 Squires
21:41 Gambesons
22:12 Chain Mail Armor
26:02 Gold Mining
27:55 Heavy Plow
36:06 Stone Mining
38:28 Bodkin Arrow
39:41 Wheelbarrow
40:12 Ballistics
43:28 Imperial Age
41:09 Padded Archer Armor
43:23 Leather Archer Armor
43:10 Husbandry
43:20 Bloodlines
43:38 Cranequins
44:27 Bracer
45:31 Chemistry
47:00 Ring Archer Armor
46:00 Pikeman
46:35 Pikeman
46:39 Elite Varangian Guard
48:09 Plate Mail Armor
48:14 Iron Casting
48:17 Conscription
54:20 Blast Furnace
54:21 Hand Cart
54:19 Arson
56:51 Conscription
57:33 Capped Ram
59:44 Heavy Mounted Crossbowman
Iam_MuRaT
5:43 Loom
8:52 Feudal Age
9:19 Double-Bit Axe
12:15 Fletching
21:20 Castle Age
20:36 Forging
20:54 Scale Barding Armor
21:56 Gold Mining
22:09 Bodkin Arrow
21:40 Crossbowman
26:03 Stone Mining
29:23 Scale Mail Armor
32:10 Gold Shaft Mining
31:55 Chain Mail Armor
32:15 Town Watch
33:07 Iron Casting
33:57 Squires
34:51 Bow Saw
35:28 Wheelbarrow
37:11 Ballistics
44:12 Imperial Age
43:37 Chain Barding Armor
45:21 Conscription
45:39 Conscription
44:44 Cavalier
46:29 Blast Furnace
46:04 Plate Mail Armor
47:04 Chemistry
49:22 Plate Barding Armor
52:31 Husbandry
52:04 Light Cavalry
53:06 Padded Archer Armor
53:08 Elite Skirmisher
55:17 Leather Archer Armor
Connection lost

Rejoining the realm…

Still unreachable

The connection could not be restored.

Session expired

The server has moved on; the page needs a fresh start.